 Dungeon Crawl Stone Soup version 0.18.1-2-ga659475 (webtiles) character file.

4912 oplop the Spear-Bearer (level 10, -5/84 HPs)
             Began as a Merfolk Gladiator on May 8, 2016.
             Was an Initiate of Ru.
             Killed from afar by an orc wizard (13 damage)
             ... with a magic dart
             ... on level 9 of the Dungeon.
             The game lasted 00:12:54 (7954 turns).

oplop the Spear-Bearer (Merfolk Gladiator)          Turns: 7954, Time: 00:12:55

Health: -5/84      AC:  6    Str: 16    XL:     10   Next: 51%
Magic:  10/10      EV: 21    Int:  8    God:    Ru [......]
Gold:   347        SH:  0    Dex: 17    Spells: 0 memorised, 9 levels left

rFire  . . .     SeeInvis .     A - +0 halberd
rCold  . . .     Gourm    .     z - +0 robe of Miracles {MR+}
rNeg   . . .     Faith    .     (shield currently unavailable)
rPois  .         Spirit   .     N - +0 helmet
rElec  .         Dismiss  .     C - +0 cloak
rCorr  .         Reflect  .     G - +0 pair of gloves
SustAt +         Harm     +     u - +0 pair of boots
MR     +....                    p - amulet of harm
Stlth  ..........               y - ring of sustain attributes
                                g - +3 ring of slaying

@: somewhat resistant to hostile enchantments, extremely unstealthy
A: change form in water, swift swim, no stealth
a: Renounce Religion


You were on level 9 of the Dungeon.
You worshipped Ru.
Ru was noncommittal.
You were not hungry.

You visited 2 branches of the dungeon, and saw 10 of its levels.

You collected 347 gold pieces.

Inventory:

Hand Weapons
 a - a +0 trident
 A - a +0 halberd (weapon)
Missiles
 d - 4 throwing nets
 m - 4 steel tomahawks
 B - 12 tomahawks (quivered)
Armour
 b - a +0 leather armour
 u - a +0 pair of boots (worn)
 z - the +0 robe of Miracles (worn) {MR+}
   (You found it on level 5 of the Dungeon)

   It affects your resistance to hostile enchantments.
 C - a +0 cloak (worn)
 G - a +0 pair of gloves (worn)
 N - a +0 helmet (worn)
Jewellery
 c - an uncursed ring of positive energy {unknown}
 g - a +3 ring of slaying (left hand)
 p - an amulet of harm (around neck)
 s - a +5 ring of intelligence
 y - a ring of sustain attributes (right hand)
 L - a +3 ring of strength {unknown}
Wands
 o - a wand of paralysis (4/24)
 v - a wand of hasting (4/9)
 M - a wand of confusion (23/48)
Scrolls
 e - 6 scrolls of remove curse
 h - 10 scrolls of identify {unknown}
 i - a scroll of amnesia {unknown}
 l - a scroll of immolation {unknown}
 n - a scroll of recharging {unknown}
 r - 5 scrolls of teleportation {unknown}
 D - 2 scrolls of enchant weapon {unknown}
 F - a scroll of noise {unknown}
 K - 3 scrolls of fog {unknown}
 O - a scroll of blinking {unknown}
Potions
 j - 5 potions of flight {unknown}
 k - 3 potions of cancellation {unknown}
 q - 3 potions of heal wounds {unknown}
 t - 3 potions of might {unknown}
 w - 3 potions of curing {unknown}
 E - a potion of degeneration {unknown}
 J - a potion of lignification {unknown}
 Q - a potion of agility {unknown}
Comestibles
 f - 6 bread rations
 x - 3 meat rations
 H - 2 beef jerkies
 I - 6 slices of pizza
 P - 8 chunks of flesh


   Skills:
 + Level 9.7 Fighting
 + Level 13.1 Polearms
 - Level 2.0 Throwing
 + Level 11.7 Dodging


You had 9 spell levels left.
You didn't know any spells.

Dungeon Overview and Level Annotations

Branches:
Dungeon (9/15)             Temple (1/1) D:7            Lair (0/8) D:8
    Orc: D:9-12

Altars:
Ashenzari
Cheibriados
Dithmenos
Elyvilon
Fedhas
Gozag
Kikubaaqudgha
Makhleb
Nemelex Xobeh
Okawaru
Pakellas
Qazlal
Ru
Sif Muna
Trog
Xom
Yredelemnul
Zin
The Shining One

Annotations:
D:5 Grinder
D:8 Ijustatesigmund's ghost, novice MiFi


Innate Abilities, Weirdness & Mutations

You revert to your normal form in water.
You are very nimble and swift while swimming.
You cannot be stealthy.


Message History

The orc wizard blinks!
You slash the orc warrior!
The orc warrior is severely wounded.
The orc wizard mumbles some strange words.
The orc wizard seems to speed up.
The orc warrior hits you with a war axe!!
* * * LOW HITPOINT WARNING * * *
The orc wizard closely misses you.
Things that are here:
a dagger of holy wrath; a robe; an orc corpse Unknown command.
The orc warrior closely misses you. The orc wizard casts a spell at you.
The magic dart hits you!
* * * LOW HITPOINT WARNING * * *
Unknown command.
The orc wizard completely misses you.
The orc wizard gestures at you while chanting.
The magic dart hits you!
You die...

#.)......+...+...########.#......
))).........)................>...
#......###._..###########.#...###
#.......#.###.# #.#...#
#.......###1### #.#...# #.......#
### #.#...# #.......#
#########.#...# #.......#
####.......#.#.... #########
#†.@....##.#.#).#### ....#
#o##.##.##.#.#......
###.#####.####n##.##.##.#.#.....#
<.........[..)o##.##.##.#<..#..§
.#.#.####.#######.##.#..#.#...P§.
.. # #.##.##.#..[.§§.§ ..#
#.##.##.# #.§§§§P ...
#####.....#.###....§§ ....
#................#.###


You could see an orc wizard.

Vanquished Creatures
  7 yaks
  A human (D:7)
  2 hungry ghosts
  Edmund (D:5)
  Duvessa (D:6)
  A phantom (D:6)
  An ice beast (D:5)
  An orc warrior (D:7)
  A black bear (D:7)
  3 sky beasts
  An ogre (D:8)
  A crocodile (D:8)
  Blork the orc (D:5)
  5 giant frogs
  A gnoll sergeant (D:9)
  A wyvern skeleton (D:8)
  Dowan (D:6)
  8 scorpions
  5 wights (D:6)
  3 howler monkeys
  2 crimson imps
  A giant frog skeleton (D:5)
  6 orc wizards
  A giant frog zombie (D:5)
  5 orc priests
  A hound (D:7)
  A jelly (D:6)
  Jessica (D:3)
  6 worker ants
  A killer bee zombie (D:7)
  4 sheep (D:7)
  2 hound zombies
  18 adders
  7 gnolls
  A howler monkey skeleton (D:4)
  A river rat (D:8)
  A shadow imp (D:4)
  An ooze (D:3)
  An adder zombie (D:5)
  An adder skeleton (D:8)
  2 worms
  3 dart slugs
  6 giant geckos
  28 orcs
  14 bats
  5 giant cockroaches
  9 goblins
  11 hobgoblins
  8 jackals
  9 kobolds
  2 quokkas (D:6)
  A ball python (D:1)
  A giant cockroach zombie (D:5)
  A giant gecko skeleton (D:8)
  4 giant newts
  A jackal skeleton (D:5)
  7 rats
220 creatures vanquished.

Vanquished Creatures (others)
  2 fungi (D:8)
  A plant (D:8)
3 creatures vanquished.

Grand Total: 223 creatures vanquished

Notes
Turn   | Place    | Note
--------------------------------------------------------------
     0 | D:1      | oplop the Merfolk Gladiator began the quest for the Orb.
     0 | D:1      | Reached XP level 1. HP: 16/16 MP: 1/1
    46 | D:1      | Reached XP level 2. HP: 21/22 MP: 2/2
   329 | D:1      | Reached skill level 5 in Polearms
   338 | D:1      | Reached XP level 3. HP: 21/28 MP: 3/3
   735 | D:2      | Found a sparkling altar of Nemelex Xobeh.
   785 | D:2      | Reached skill level 5 in Dodging
   785 | D:2      | Reached XP level 4. HP: 26/34 MP: 4/4
  1350 | D:3      | Reached skill level 6 in Polearms
  1417 | D:3      | Found a shimmering altar of Xom.
  1469 | D:3      | Found a faded altar to an unknown god.
  1485 | D:3      | Reached XP level 5. HP: 26/41 MP: 5/5
  1865 | D:3      | Noticed Jessica
  1875 | D:3      | Killed Jessica
  2313 | D:3      | Reached XP level 6. HP: 40/48 MP: 6/6
  2675 | D:4      | Reached skill level 7 in Polearms
  3140 | D:4      | Reached XP level 7. HP: 55/55 MP: 7/7
  3425 | D:4      | Reached skill level 5 in Fighting
  3425 | D:4      | Reached skill level 8 in Polearms
  3787 | D:4      | Reached XP level 8. HP: 58/64 MP: 8/8
  3901 | D:5      | Entered Level 5 of the Dungeon
  3928 | D:5      | Reached skill level 9 in Polearms
  3937 | D:5      | Noticed Edmund
  3951 | D:5      | Killed Edmund
  4008 | D:5      | Got a fabulously ornate robe
  4019 | D:5      | Identified the cursed +0 robe of Miracles {MR+} (You found it on level 5 of the Dungeon)
  4207 | D:5      | Noticed Grinder
  4514 | D:6      | Found a shadowy altar of Dithmenos.
  4514 | D:6      | Found an iron altar of Okawaru.
  4517 | D:6      | Reached skill level 10 in Polearms
  4608 | D:6      | Noticed Duvessa
  4621 | D:6      | Killed Duvessa
  4621 | D:6      | Reached XP level 9. HP: 65/72 MP: 9/9
  4630 | D:6      | Noticed Dowan
  4635 | D:6      | Killed Dowan
  5255 | D:5      | Noticed Blork the orc
  5270 | D:5      | Killed Blork the orc
  5563 | D:7      | Found a staircase to the Ecumenical Temple.
  5584 | Temple   | Entered the Ecumenical Temple
  5775 | Temple   | Became a worshipper of Ru the Awakened
  5838 | D:7      | Reached skill level 10 in Dodging
  5869 | D:7      | Reached skill level 11 in Polearms
  6777 | D:8      | Reached skill level 12 in Polearms
  6779 | D:8      | Found a staircase to the Lair.
  6842 | D:8      | Gained mutation: You cannot be stealthy. [Ru sacrifice]
  6874 | D:8      | Reached XP level 10. HP: 82/82 MP: 10/10
  6924 | D:8      | Found a basalt altar of Yredelemnul.
  7143 | D:8      | Found a glowing golden altar of the Shining One.
  7190 | D:8      | Noticed Ijustatesigmund's ghost (novice MiFi)
  7770 | D:9      | Found a burning altar of Makhleb.
  7811 | D:9      | Found a glowing silver altar of Zin.
  7811 | D:9      | Noticed an angel
  7811 | D:9      | Noticed an Executioner
  7932 | D:9      | Reached skill level 13 in Polearms
  7954 | D:9      | Killed from afar by an orc wizard

Skill      XL: |  1  2  3  4  5  6  7  8  9 10 |
---------------+-------------------------------+-----
Polearms       | 5 6 7 8 10 12 13 | 13.1
Dodging        | 5 6 7 9 10 11 | 11.7
Fighting       | 3 4 5 7 8 9 |  9.7
Throwing       | |  2.0

Action                   |  1- 3 |  4- 6 |  7- 9 | 10-12 || total
-------------------------+-------+-------+-------+-------++-------
Melee: Trident           |    94 |   179 |   195 |       ||   468
       Halberd           |       |       |   214 |   132 ||   346
Throw: Tomahawk          |       |     2 |     4 |       ||     6
Invok: Sacrifice Stealth |       |       |     1 |       ||     1
  Use: Scroll            |       |       |     1 |       ||     1
 Stab: Sleeping          |     2 |     1 |     7 |       ||    10
       Distracted        |       |       |     1 |       ||     1
  Eat: Chunk             |       |     4 |     7 |     2 ||    13
       Fruit             |       |     3 |       |       ||     3
       Meat ration       |       |       |     1 |       ||     1
       Pizza             |       |       |     1 |       ||     1
       Royal jelly       |       |       |       |     1 ||     1
Armor: Leather armour    |    12 |    32 |    23 |       ||    67
       Robe              |       |       |    21 |    20 ||    41
Dodge: Dodged            |    52 |    91 |   228 |    65 ||   436
